MLB
CINCINNATI REDS @ COLORADO ROCKIES
05/10/2042
 
TOP OF THE 1ST
Cincinnati Reds batting - Pitching for Colorado Rockies : LHP Wally Ellis
Pitching: LHP Wally Ellis
Batting: RHB Sergio García 0-0: Called Strike
0-1: Ball
1-1: Foul Ball, location: 23F
1-2: Ground out 2-3 (Groundball, 2R, EV 75.6 MPH)
Batting: SHB Ron Anderson 0-0: Called Strike
0-1: Ball
1-1: SINGLE (Line Drive, 89S, EV 99.4 MPH)
Batting: RHB José Montoya 0-0: Called Strike
0-1: Ball
1-1: Ball
2-1: Foul Ball, location: 2F
2-2: Foul Ball, location: 2F
2-2: Ball
3-2: Foul Ball, location: 3FF
3-2: Strikes out swinging
Batting: LHB Jesús Nava 0-0: Ball
1-0: Ball
2-0: Ball
3-0: Called Strike
3-1: Ground out 4-3 (Groundball, 4, EV 80.0 MPH)
Top of the 1st over - 0 runs, 1 hit, 0 errors, 1 left on base; Cincinnati 0 - Colorado 0
BOTTOM OF THE 1ST
Colorado Rockies batting - Pitching for Cincinnati Reds : RHP Duane O'Dell
Pitching: RHP Duane O'Dell
Batting: RHB Jorge Esquivel 0-0: Ball
1-0: Foul Ball, location: 2F
1-1: Called Strike
1-2: Ball
2-2: Foul Ball, location: 2LF
2-2: SINGLE (Line Drive, 4D, EV 96.9 MPH)
Batting: LHB Dan Pérez 0-0: Ball
1-0: Foul Ball, location: 2F
1-1: Ball
2-1: Ball
3-1: Bunted foul
3-2: Foul Ball, location: 7LSF
3-2: SINGLE (Groundball, 13, EV 83.1 MPH) (infield hit)
Jorge Esquivel to second
Batting: LHB Mario Mendoza 0-0: Ball
1-0: Foul Ball, location: 2F
1-1: Foul Ball, location: 7LSF
1-2: Fielders Choice at 2nd, 1-6 (Groundball, 13S, EV 70.0 MPH)
Jorge Esquivel to third
Batting: LHB António Fernández 0-0: Foul Ball, location: 2F
0-1: Fly out, F8 (Flyball, 8LD, EV 90.0 MPH)
Runner from 3rd tags up, OUT at HOME! 8-2
Bottom of the 1st over - 0 runs, 2 hits, 0 errors, 1 left on base; Cincinnati 0 - Colorado 0
TOP OF THE 2ND
Cincinnati Reds batting - Pitching for Colorado Rockies : LHP Wally Ellis
Batting: RHB Tony Reyes 0-0: Ball
1-0: Called Strike
1-1: Foul Ball, location: 2F
1-2: Foul Ball, location: 9LSF
1-2: Strikes out swinging
Batting: RHB Ik-sung So 0-0: Ball
1-0: Ball
2-0: Foul Ball, location: 2LF
2-1: Ground out 5-3 (Groundball, 56, EV 91.9 MPH)
Batting: SHB Joe Hall 0-0: Swinging Strike
0-1: Foul Ball, location: 2F
0-2: Ball
1-2: Ground out U3 (Groundball, 3, EV 108.1 MPH)
Top of the 2nd over - 0 runs, 0 hits, 0 errors, 0 left on base; Cincinnati 0 - Colorado 0
BOTTOM OF THE 2ND
Colorado Rockies batting - Pitching for Cincinnati Reds : RHP Duane O'Dell
Batting: RHB Derek Hallyard 0-0: Ball
1-0: Swinging Strike
1-1: Hit by Pitch
Batting: RHB Steve O'Brien 0-0: Ball
1-0: Sac Bunt to 13S - play at first, batter OUT! 1-3
Derek Hallyard to second
Batting: RHB Bob Jacobs 0-0: Ball
1-0: Swinging Strike
1-1: Foul Ball, location: 2F
1-2: Ball
2-2: Ball
3-2: DOUBLE (Flyball, 89D, EV 107.5 MPH)
Derek Hallyard scores
Batting: RHB Cisco Sandodal 0-0: Ball
1-0: Ball
2-0: Swinging Strike
2-1: Ball
3-1: SINGLE (Groundball, 34D, EV 103.1 MPH)
Bob Jacobs to third
Runner from 3rd tries for Home, SAFE, throw by RF to home
Cisco Sandodal to second
Batting: RHB Tony Wallace 0-0: Ball
1-0: DOUBLE (Line Drive, 3D, EV 95.0 MPH)
Cisco Sandodal scores
Batting: RHB Jorge Esquivel 0-0: Fly out, F9 (Flyball, 89M, EV 94.4 MPH)
Batting: LHB Dan Pérez 0-0: Ball
1-0: Called Strike
1-1: Ball
2-1: Ball
3-1: Base on Balls
Batting: LHB Mario Mendoza 0-0: SINGLE (Groundball, 4D, EV 99.4 MPH)
Tony Wallace to third
Dan Pérez to second
Runner from 3rd tries for Home, SAFE, throw by CF to home
Batting: LHB António Fernández 0-0: Ground out 6-3 (Groundball, 6M, EV 80.6 MPH)
Bottom of the 2nd over - 4 runs, 4 hits, 0 errors, 2 left on base; Cincinnati 0 - Colorado 4
TOP OF THE 3RD
Cincinnati Reds batting - Pitching for Colorado Rockies : LHP Wally Ellis
Batting: RHB Rudy Edwards 0-0: Ball
1-0: Foul Ball, location: 9LMF
1-1: Foul Ball, location: 2F
1-2: Ball
2-2: Ball
3-2: Ground out 6-3 (Groundball, 6, EV 85.0 MPH)
Batting: RHB Haruki Fujihara 0-0: Ball
1-0: Foul Ball, location: 2F
1-1: Ball
2-1: Ball
3-1: Base on Balls
Batting: RHB Sergio García 0-0: Ball
1-0: Fielders Choice at 2nd, 3-6 (Groundball, 34, EV 87.5 MPH)
Batting: SHB Ron Anderson 0-0: Called Strike
0-1: Ball
1-1: Ball
Sergio García is caught stealing 2nd base 2-4
Top of the 3rd over - 0 runs, 0 hits, 0 errors, 0 left on base; Cincinnati 0 - Colorado 4
BOTTOM OF THE 3RD
Colorado Rockies batting - Pitching for Cincinnati Reds : RHP Duane O'Dell
Batting: RHB Derek Hallyard 0-0: Ball
1-0: Ball
2-0: Ball
3-0: Swinging Strike
3-1: Base on Balls
Batting: RHB Steve O'Brien 0-0: Grounds into double play, 6-4-3 (Groundball, 6, EV 110.0 MPH)
Batting: RHB Bob Jacobs 0-0: Hit by Pitch
Batting: RHB Cisco Sandodal 0-0: Fly out, F8 (Line Drive, 8RM, EV 98.1 MPH)
Bottom of the 3rd over - 0 runs, 0 hits, 0 errors, 1 left on base; Cincinnati 0 - Colorado 4
TOP OF THE 4TH
Cincinnati Reds batting - Pitching for Colorado Rockies : LHP Wally Ellis
Batting: SHB Ron Anderson 0-0: Swinging Strike
0-1: Ball
1-1: Swinging Strike
1-2: Foul Ball, location: 2F
1-2: Ball
2-2: Fly out, F2 (Popup, 2LF, EV 88.8 MPH)
Batting: RHB José Montoya 0-0: Ball
1-0: Foul Ball, location: 2F
1-1: Ball
2-1: Foul Ball, location: 2F
2-2: Foul Ball, location: 9LSF
2-2: Foul Ball, location: 9LMF
2-2: Foul Ball, location: 23F
2-2: Ball
3-2: Base on Balls
Batting: LHB Jesús Nava 0-0: Fly out, F9 (Flyball, 89M, EV 93.1 MPH)
Batting: RHB Tony Reyes 0-0: Called Strike
0-1: Ball
1-1: Ball
2-1: Called Strike
2-2: Foul Ball, location: 9LMF
2-2: Foul Ball, location: 9LSF
2-2: Strikes out swinging
Top of the 4th over - 0 runs, 0 hits, 0 errors, 1 left on base; Cincinnati 0 - Colorado 4
BOTTOM OF THE 4TH
Colorado Rockies batting - Pitching for Cincinnati Reds : RHP Duane O'Dell
Batting: RHB Tony Wallace 0-0: Called Strike
0-1: Called Strike
0-2: Ball
1-2: Ball
2-2: Ball
3-2: Base on Balls
Batting: RHB Jorge Esquivel 0-0: Called Strike
0-1: Called Strike
0-2: Foul Ball, location: 2F
0-2: Foul Ball, location: 2F
0-2: Foul Ball, location: 25FF
0-2: Ball
1-2: Ball
2-2: Fly out, F9 (Flyball, 9, EV 90.6 MPH)
Batting: LHB Dan Pérez 0-0: Foul Ball, location: 2LF
0-1: Ball
1-1: Called Strike
1-2: Strikes out swinging
Batting: LHB Mario Mendoza 0-0: Called Strike
0-1: Ball
1-1: Called Strike
1-2: Fly out, F7 (Flyball, 7D, EV 100.0 MPH)
Bottom of the 4th over - 0 runs, 0 hits, 0 errors, 1 left on base; Cincinnati 0 - Colorado 4
TOP OF THE 5TH
Cincinnati Reds batting - Pitching for Colorado Rockies : LHP Wally Ellis
Batting: RHB Ik-sung So 0-0: Called Strike
0-1: DOUBLE (Flyball, 9LD, EV 106.3 MPH)
Batting: SHB Joe Hall 0-0: Ball
1-0: Ball
2-0: Swinging Strike
2-1: Swinging Strike
2-2: Ball
3-2: Foul Ball, location: 2F
3-2: Strikes out swinging
Batting: RHB Rudy Edwards 0-0: Ball
1-0: Ground out 6-3 (Groundball, 6, EV 95.0 MPH)
Batting: RHB Haruki Fujihara 0-0: Foul Ball, location: 2F
0-1: Ball
1-1: Foul Ball, location: 9LDF
1-2: Foul Ball, location: 2F
1-2: Strikes out swinging
Top of the 5th over - 0 runs, 1 hit, 0 errors, 1 left on base; Cincinnati 0 - Colorado 4
BOTTOM OF THE 5TH
Colorado Rockies batting - Pitching for Cincinnati Reds : RHP Duane O'Dell
Batting: LHB António Fernández 0-0: Foul Ball, location: 7LSF
0-1: Ball
1-1: Ball
2-1: Swinging Strike
2-2: SINGLE (Groundball, 4MD, EV 103.1 MPH)
Batting: RHB Derek Hallyard 0-0: Grounds into double play, 3-6-3 (Groundball, 3S, EV 88.1 MPH)
Batting: RHB Steve O'Brien 0-0: Ball
1-0: Foul Ball, location: 2F
1-1: DOUBLE (Line Drive, 5D, EV 95.0 MPH)
Batting: RHB Bob Jacobs 0-0: Ball
1-0: Foul Ball, location: 9LDF
1-1: SINGLE (Line Drive, 34D, EV 105.6 MPH)
Steve O'Brien to third
Batting: RHB Cisco Sandodal 0-0: Ground out 6-3 (Groundball, 6S, EV 83.8 MPH)
Bottom of the 5th over - 0 runs, 3 hits, 0 errors, 2 left on base; Cincinnati 0 - Colorado 4
TOP OF THE 6TH
Cincinnati Reds batting - Pitching for Colorado Rockies : LHP Wally Ellis
Batting: RHB Sergio García 0-0: Called Strike
0-1: Ball
1-1: Called Strike
1-2: Ball
2-2: Ball
3-2: Fly out, F8 (Flyball, 78XD, EV 108.8 MPH)
Batting: SHB Ron Anderson 0-0: Ball
1-0: Foul Ball, location: 9LMF
1-1: TRIPLE (Flyball, 89XD, EV 96.9 MPH)
Batting: RHB José Montoya 0-0: Ball
1-0: Ball
2-0: Called Strike
2-1: Swinging Strike
2-2: SINGLE (Groundball, 4MD, EV 95.0 MPH)
Ron Anderson scores
Batting: LHB Jesús Nava 0-0: Ball
1-0: SINGLE (Groundball, 6M, EV 86.9 MPH)
José Montoya to second
Batting: RHB Tony Reyes 0-0: Ball
1-0: Foul Ball, location: 3DF
1-1: SINGLE (Groundball, 4S, EV 76.9 MPH) (infield hit)
José Montoya to third
Jesús Nava to second
Pitching: RHP Norberto Juárez
Batting: RHB Ik-sung So 0-0: Ball
1-0: Foul Ball, location: 5SF
1-1: Swinging Strike
1-2: Foul Ball, location: 9LMFF
1-2: Ball
2-2: Foul Ball, location: 3FF
2-2: SINGLE (Groundball, 4M, EV 88.8 MPH)
José Montoya scores
Jesús Nava to third
Tony Reyes to second
Runner from 3rd tries for Home, SAFE, throw by CF to home
Batting: SHB Joe Hall 0-0: Ball
1-0: Swinging Strike
1-1: SINGLE (Groundball, 4M, EV 104.4 MPH) (infield hit)
Tony Reyes to third
Ik-sung So to second
Pinch Hitting: SHB Joe Jones 0-0: Ball
1-0: Fly out, F7 (Flyball, 7LM, EV 105.0 MPH)
Runner from 3rd tags up, OUT at HOME! 7-2
Top of the 6th over - 3 runs, 6 hits, 0 errors, 2 left on base; Cincinnati 3 - Colorado 4
BOTTOM OF THE 6TH
Colorado Rockies batting - Pitching for Cincinnati Reds : RHP Duane O'Dell
Now at SS: Itocravo Affra
Batting: RHB Tony Wallace 0-0: Swinging Strike
0-1: Foul Ball, location: 9LMF
0-2: Strikes out looking
Batting: RHB Jorge Esquivel 0-0: Called Strike
0-1: Ball
1-1: Swinging Strike
1-2: Strikes out looking
Batting: LHB Dan Pérez 0-0: Ball
1-0: Ball
2-0: Ball
3-0: Base on Balls
Pitching: LHP Sergio Acuña
Batting: LHB Mario Mendoza 0-0: Swinging Strike
0-1: Fielders Choice at 2nd, 6-4 (Groundball, 6, EV 86.3 MPH)
Bottom of the 6th over - 0 runs, 0 hits, 0 errors, 1 left on base; Cincinnati 3 - Colorado 4
TOP OF THE 7TH
Cincinnati Reds batting - Pitching for Colorado Rockies : RHP Norberto Juárez
Batting: RHB Haruki Fujihara 0-0: Called Strike
0-1: Called Strike
0-2: Ball
1-2: Strikes out swinging
Pinch Hitting: LHB Iván Ramos 0-0: Foul Ball, location: 2F
0-1: Fly out, F5 (Popup, 5S, EV 80.6 MPH)
Batting: SHB Ron Anderson 0-0: Ball
1-0: Ball
2-0: Ball
3-0: Called Strike
3-1: Foul Ball, location: 7LDF
3-2: Strikes out swinging
Top of the 7th over - 0 runs, 0 hits, 0 errors, 0 left on base; Cincinnati 3 - Colorado 4
BOTTOM OF THE 7TH
Colorado Rockies batting - Pitching for Cincinnati Reds : LHP Sergio Acuña
Now in LF: Iván Ramos
Now in CF: Ron Anderson
Batting: LHB António Fernández 0-0: Called Strike
0-1: Swinging Strike
0-2: SINGLE (Groundball, 6MD, EV 105.0 MPH)
Batting: RHB Derek Hallyard 0-0: Called Strike
0-1: Ball
1-1: Fly out, F8 (Flyball, 78S, EV 66.9 MPH)
Batting: RHB Steve O'Brien 0-0: Called Strike
0-1: Ball
1-1: Grounds into double play, U6-3 (Groundball, 4M, EV 102.5 MPH)
Bottom of the 7th over - 0 runs, 1 hit, 0 errors, 0 left on base; Cincinnati 3 - Colorado 4
TOP OF THE 8TH
Cincinnati Reds batting - Pitching for Colorado Rockies : RHP Norberto Juárez
Now in LF: António Fernández
Now in CF: Álex Cepeda
Batting: RHB José Montoya 0-0: Ball
1-0: Ball
2-0: Fly out, F8 (Flyball, 8RD, EV 99.4 MPH)
Batting: LHB Jesús Nava 0-0: Called Strike
0-1: Fly out, F4 (Popup, 4, EV 65.6 MPH)
Batting: RHB Tony Reyes 0-0: Ball
1-0: Foul Ball, location: 2F
1-1: Foul Ball, location: 25FF
1-2: Ball
2-2: Ball
3-2: Fly out, F7 (Flyball, 78M, EV 88.1 MPH)
Top of the 8th over - 0 runs, 0 hits, 0 errors, 0 left on base; Cincinnati 3 - Colorado 4
BOTTOM OF THE 8TH
Colorado Rockies batting - Pitching for Cincinnati Reds : LHP Sergio Acuña
Batting: RHB Bob Jacobs 0-0: Swinging Strike
0-1: Swinging Strike
0-2: Ball
1-2: Ground out 4-3 (Groundball, 4, EV 83.8 MPH)
Batting: RHB Cisco Sandodal 0-0: Foul Ball, location: 5DF
0-1: Ball
1-1: Swinging Strike
1-2: Ground out 5-3 (Groundball, 56S, EV 83.8 MPH)
Batting: RHB Tony Wallace 0-0: Called Strike
0-1: Foul Ball, location: 2F
0-2: Foul Ball, location: 2F
0-2: Foul Ball, location: 9LSF
0-2: Ground out 6-3 (Groundball, 6, EV 86.3 MPH)
Bottom of the 8th over - 0 runs, 0 hits, 0 errors, 0 left on base; Cincinnati 3 - Colorado 4
TOP OF THE 9TH
Cincinnati Reds batting - Pitching for Colorado Rockies : RHP Norberto Juárez
Pitching: RHP Ánibal Cordero
Batting: RHB Ik-sung So 0-0: Ball
1-0: Foul Ball, location: 2F
1-1: Swinging Strike
1-2: Ground out 5-3 (Groundball, 5L, EV 105.0 MPH)
Batting: SHB Joe Hall 0-0: Called Strike
0-1: Ball
1-1: DOUBLE (Line Drive, 8RXD, EV 105.0 MPH)
Batting: RHB Itocravo Affra 0-0: Ball
1-0: Ball
2-0: Foul Ball, location: 5FF
2-1: SINGLE (Line Drive, 9S, EV 93.8 MPH)
Joe Hall to third
Batting: RHB Haruki Fujihara 0-0: Swinging Strike
0-1: SINGLE (Line Drive, 6D, EV 96.3 MPH)
Joe Hall scores
Itocravo Affra to second
Batting: LHB Iván Ramos 0-0: Ball
1-0: Foul Ball, location: 2F
1-1: Swinging Strike
1-2: Ball
2-2: Foul Ball, location: 23F
2-2: Strikes out swinging
Batting: SHB Ron Anderson 0-0: Ball
1-0: Ball
2-0: TRIPLE (Flyball, 78XD, EV 104.4 MPH)
Itocravo Affra scores
Haruki Fujihara scores
Batting: RHB José Montoya 0-0: Called Strike
0-1: Ball
1-1: Ball
2-1: Foul Ball, location: 9LDF
2-2: Ball
3-2: Strikes out swinging
Top of the 9th over - 3 runs, 4 hits, 0 errors, 1 left on base; Cincinnati 6 - Colorado 4
BOTTOM OF THE 9TH
Colorado Rockies batting - Pitching for Cincinnati Reds : LHP Sergio Acuña
Pitching: RHP Jorge Gorrindo
Batting: LHB Álex Cepeda 0-0: Ball
1-0: Ground out 4-3 (Groundball, 4S, EV 85.0 MPH)
Batting: LHB Dan Pérez 0-0: Foul Ball, location: 5F
0-1: Swinging Strike
0-2: Ball
1-2: Ball
2-2: Strikes out swinging, 2-3 out at first.
Batting: LHB Mario Mendoza 0-0: SINGLE (Flyball, 78S, EV 93.8 MPH)
Batting: LHB António Fernández 0-0: Called Strike
0-1: Ball
1-1: Ball
2-1: Ball
3-1: SINGLE (Line Drive, 6D, EV 94.4 MPH)
Mario Mendoza to second
Batting: RHB Derek Hallyard 0-0: Called Strike
0-1: Foul Ball, location: 3F
0-2: Strikes out looking
Bottom of the 9th over - 0 runs, 2 hits, 0 errors, 2 left on base; Cincinnati 6 - Colorado 4
Wednesday, April 24th , 2024 - OOTP Baseball 24.10 Build 82